AoeStats
← cisi1982

Arabia

507751803Analyzed
1v1 RM · 13d ago on Sep 19, 2026· 35m 21s· 2 players
Game mode
Random Map
Map size
Tiny (2 player)
Population
200
Speed
Normal
Resources
Standard
Victory
Conquest
Starting age
Dark Age
Ending age
Imperial Age
RankedLock teamsTeams togetherTeam positionsShared explorationLock speedFull tech treeHidden civsTurbo modeCheats
Victory
Defeat
🇦🇷 Franks · Argentina
907
+16
🇨🇿 Maya · Czechia
900
-16
cisi1982
10:44 Feudal Age
9:00 Loom
14:51 Castle Age
14:15 Double-Bit Axe
15:49 Eagle Warrior
20:58 Forging
22:59 Squires
27:14 Arson
30:24 Pikeman
31:34 Horse Collar
36:16 Iron Casting
Charizard Bostero
10:25 Feudal Age
9:50 Loom
11:20 Double-Bit Axe
19:29 Castle Age
19:19 Stone Mining
19:30 Man-at-Arms
20:22 Forging
20:27 Gold Mining
20:45 Scale Mail Armor
23:17 Fletching
24:35 Gold Shaft Mining
25:06 Bow Saw
25:44 Wheelbarrow
28:02 Chain Mail Armor
27:41 Long Swordsman
29:26 Squires
30:20 Arson
30:21 Gambesons
34:22 #83
35:27 Iron Casting
Connection lost

Rejoining the realm…

Still unreachable

The connection could not be restored.

Session expired

The server has moved on; the page needs a fresh start.